 Dungeon Crawl Stone Soup version 0.28.0-45-g0d030f2227 (webtiles) character file.

Game seed: 15726831581481456558

64 Andrea the Magician (level 4, 0/32 HPs)
             Began as a Gnoll Hedge Wizard on Apr 6, 2022.
             Slain by a gnoll
             ... wielding a +0 spear
              (5 damage)
             ... on level 2 of the Dungeon.
             The game lasted 00:04:03 (1671 turns).

Andrea the Magician (Gnoll Hedge Wizard)            Turns: 1671, Time: 00:04:04

Health: 0/32       AC:  4    Str: 12    XL:     4   Next: 12%
Magic:  2/13       EV: 13    Int: 13    God:
Gold:   68         SH:  0    Dex: 11    Spells: 6/17 levels left

rFire   . . .      SeeInvis .   k - +2 dagger (venom)
rCold   . . .      Faith    .   (no shield)
rNeg    . . .      Spirit   .   b - +0 robe
rPois   .          Reflect  .   c - +0 hat
rElec   .          Harm     .   f - +0 cloak
rCorr   .          Rampage  .   (no gloves)
Will    .....                   d - +0 pair of boots
Stlth   ++........              (no amulet)
HPRegen 0.10/turn               (no ring)
MPRegen 0.13/turn               (no ring)

@: brilliant
A: fangs 1, strong nose, distributed training
a: no special abilities


You were on level 2 of the Dungeon.
You visited 1 branch of the dungeon, and saw 2 of its levels.

You collected 68 gold pieces.

Inventory:

Hand Weapons
 k - a +2 dagger of venom (weapon)
Armour
 b - a +0 robe (worn)
 c - a +0 hat (worn)
 d - a +0 pair of boots (worn)
 f - a +0 cloak (worn)
 i - a +0 ring mail
Magical Staves
 e - a staff of cold
Jewellery
 a - a ring of ice
Scrolls
 h - 2 scrolls of teleportation {unknown}
 j - a scroll of vulnerability {unknown}


   Skills:
 + Level 1.0 Fighting
 + Level 1.0 Short Blades
 + Level 1.0 Long Blades
 + Level 1.0 Axes
 + Level 1.0 Maces & Flails
 + Level 1.0 Polearms
 + Level 1.0 Staves
 + Level 1.0 Slings
 + Level 1.0 Bows
 + Level 1.0 Crossbows
 + Level 1.0 Throwing
 + Level 1.0 Armour
 + Level 4.6 Dodging
 + Level 4.2 Stealth
 + Level 1.0 Shields
 + Level 1.0 Unarmed Combat
 + Level 7.2 Spellcasting
 + Level 2.2 Conjurations
 + Level 0.8 Hexes
 + Level 2.2 Summonings
 + Level 0.8 Necromancy
 + Level 2.2 Translocations
 + Level 0.8 Transmutations
 + Level 0.8 Fire Magic
 + Level 0.8 Ice Magic
 + Level 0.8 Air Magic
 + Level 0.8 Earth Magic
 + Level 0.8 Poison Magic
 + Level 1.1 Invocations
 + Level 1.0 Evocations


You had 6 spell levels left.
You knew the following spells:

 Your Spells              Type           Power      Damage    Failure   Level
a - Magic Dart            Conj           60%        1d6       6%          1
b - Call Imp              Summ           15%        N/A       9%          2
c - Mephitic Cloud        Conj/Pois/Air  12%        N/A       26%         3
d - Conjure Flame         Conj/Fire      12%        6-21      24%         3
e - Blink                 Tloc           30%        N/A       9%          2

Your spell library contained the following spells:

 Spells                   Type           Power      Damage    Failure   Level
 Slow                     Hex            40%        N/A       11%         1


Dungeon Overview and Level Annotations

Branches:
Dungeon (2/15)

Altars:


Innate Abilities, Weirdness & Mutations

You have very sharp teeth.
Your uncanny sense of smell can sniff out nearby items.
Your experience applies equally to all skills.


Message History

Confirm with . or Enter, or press ? or * to list all spells.
Aiming: Magic Dart (safe; 6% risk of failure)
Press: ? - help, Shift-Dir - straight line, f/p - adder
Aim: an adder (lightly wounded, 100% to hit)
You miscast Magic Dart.
You are very lightly contaminated with residual magic.
Nothing appears to happen.
The adder misses you. The gnoll barely misses you.
Casting: Magic Dart (safe; 6% risk of failure)
Confirm with . or Enter, or press ? or * to list all spells.
Aiming: Magic Dart (safe; 6% risk of failure)
Press: ? - help, Shift-Dir - straight line, f/p - adder
Aim: an adder (lightly wounded, 100% to hit)
The magic dart hits the adder.
The adder is moderately wounded.
The adder bites you.
You are poisoned.
The adder poisons you! The gnoll closely misses you.
The adder barely misses you.
You feel sick.
You feel sick.
You feel sick. The adder closely misses you. The adder barely misses you.
You feel sick.
You feel sick.
Your magical contamination has completely faded away.
It was a potion of brilliance.
You feel clever all of a sudden.
You feel sick.
You are no longer poisoned.
The adder bites you but does no damage. The gnoll closely misses you.
The adder bites you but does no damage.
Casting: Magic Dart (safe; 6% risk of failure)
Confirm with . or Enter, or press ? or * to list all spells.
Aiming: Magic Dart (safe; 6% risk of failure)
Press: ? - help, Shift-Dir - straight line, f/p - adder
Aim: an adder (moderately wounded, 100% to hit)
You feel a surge of power!
The magic dart hits the adder.
The adder is severely wounded.
The adder completely misses you.
The gnoll hits you from afar with a +0 spear.
You die...

........รท........................
........###..........##..........
........# #.[........###.........
........# #..........###.........
........# ###..#####..##.........
######### ##..## ##.##.........
##.g# #.##......... ##S#
#............ #@# ###.##......#
#.######.(#......#
#.................
########.........# #.....>...#
#.........# ###########


You could see a gnoll and an adder.

Vanquished Creatures
  2 gnolls (D:2)
  2 adders (D:2)
  3 bats
  3 endoplasms (D:1)
  A hobgoblin (D:1)
  A jackal (D:2)
  A quokka (D:1)
  4 ball pythons
  2 frilled lizards (D:1)
  3 goblins
  4 kobolds (D:1)
  2 rats (D:2)
28 creatures vanquished.

Notes
Turn   | Place    | Note
-------+----------+-------------------------------------------
     0 | D:1      | Andrea the Gnoll Hedge Wizard began the quest for the Orb.
     0 | D:1      | Reached XP level 1. HP: 13/13 MP: 8/8
   243 | D:1      | Found a faded altar of an unknown god.
   413 | D:1      | Reached XP level 2. HP: 16/19 MP: 7/10
   416 | D:1      | Learned a level 2 spell: Call Imp
  1061 | D:2      | Reached XP level 3. HP: 25/25 MP: 0/11
  1313 | D:2      | Reached skill level 1 in Invocations
  1370 | D:2      | Reached skill level 1 in Fighting
  1370 | D:2      | Reached skill level 1 in Short Blades
  1370 | D:2      | Reached skill level 1 in Long Blades
  1370 | D:2      | Reached skill level 1 in Axes
  1370 | D:2      | Reached skill level 1 in Maces & Flails
  1370 | D:2      | Reached skill level 1 in Polearms
  1370 | D:2      | Reached skill level 1 in Staves
  1370 | D:2      | Reached skill level 1 in Slings
  1370 | D:2      | Reached skill level 1 in Bows
  1370 | D:2      | Reached skill level 1 in Crossbows
  1370 | D:2      | Reached skill level 1 in Throwing
  1370 | D:2      | Reached skill level 1 in Armour
  1370 | D:2      | Reached skill level 1 in Shields
  1370 | D:2      | Reached skill level 1 in Unarmed Combat
  1370 | D:2      | Reached skill level 1 in Evocations
  1460 | D:2      | Learned a level 3 spell: Mephitic Cloud
  1464 | D:2      | Learned a level 3 spell: Conjure Flame
  1467 | D:2      | Learned a level 2 spell: Blink
  1650 | D:2      | Reached XP level 4. HP: 23/32 MP: 3/13
  1671 | D:2      | Slain by a gnoll

Illustrated notes

Levels and vault maps discovered:
D:1:      evilmike_arrival_plus, layout_loops_ring,
          dreamdust_ecumenical_altar_statues,
          nicolae_concentric_dashed_squares_wild
D:2:      layout_rooms, minmay_diced_spiral

Skill      XL: |  1  2  3 |
---------------+----------+-----
Conjurations   | 2 |  2.2
Summonings     | 2 |  2.2
Translocations | 2 |  2.2
Invocations    | 1 |  1.1
Fighting       | 1 |  1.0
Short Blades   | 1 |  1.0
Long Blades    | 1 |  1.0
Axes           | 1 |  1.0
Maces & Flails | 1 |  1.0
Polearms       | 1 |  1.0
Staves         | 1 |  1.0
Slings         | 1 |  1.0
Bows           | 1 |  1.0
Crossbows      | 1 |  1.0
Throwing       | 1 |  1.0
Armour         | 1 |  1.0
Shields        | 1 |  1.0
Unarmed Combat | 1 |  1.0
Evocations     | 1 |  1.0
Dodging        | |  4.6
Stealth        | |  4.2
Spellcasting   | |  7.2
Hexes          | |  0.8
Necromancy     | |  0.8
Transmutations | |  0.8
Fire Magic     | |  0.8
Ice Magic      | |  0.8
Air Magic      | |  0.8
Earth Magic    | |  0.8
Poison Magic   | |  0.8

Action                   |  1- 3 |  4- 6 || total
-------------------------+-------+-------++-------
Melee: Dagger            |     4 |       ||     4
 Cast: Magic Dart        |    87 |     3 ||    90
  Use: Potion            |       |     1 ||     1
Armor: Robe              |    12 |     3 ||    15
Dodge: Dodged            |    19 |     8 ||    27
